 Dungeon Crawl Stone Soup version 0.30-a0-860-g512cf1e979 (webtiles) character file.

Game seed: 4091323903305607016

300 112233 the Sneak (level 6, -3/36 HPs)
             Began as an Octopode Enchanter on Mar 8, 2023.
             Slain by a gnoll
             ... wielding a +0 spear
              (7 damage)
             ... on level 4 of the Dungeon.
             The game lasted 00:04:19 (2614 turns).

112233 the Sneak (Octopode Enchanter)               Turns: 2614, Time: 00:04:20

Health: -3/36      AC:  1    Str:  8    XL:     6   Next: 36%
Magic:  10/10      EV: 13    Int: 19    God:
Gold:   123        SH:  0    Dex: 12    Spells: 3/11 levels left

rFire   . . .      SeeInvis .    a - +1 dagger
rCold   . . .      Faith    .    (no shield)
rNeg    . . .      Spirit   .    (helmet restricted)
rPois   .          Reflect  .    (no amulet)
rElec   .          Rampage  .    (no ring)
rCorr   .                        (no ring)
Will    .....                    (no ring)
Stlth   ++++                     (no ring)
HPRegen 0.26/turn                (no ring)
MPRegen 0.12/turn                (no ring)
                                 (no ring)
                                 (no ring)

@: no status effects
A: almost no armour, amphibious, 8 rings, camouflage 1, gelatinous body 1,
(nimble swimmer 1), tentacles
a: no special abilities


You were on level 4 of the Dungeon.
You visited 1 branch of the dungeon, and saw 4 of its levels.

You collected 123 gold pieces.

Inventory:

Hand Weapons
 a - a +1 dagger (weapon)
Scrolls
 e - 3 scrolls of teleportation {unknown}
 f - 7 scrolls of identify {unknown}
 g - 2 scrolls of blinking {unknown}
 j - a scroll of poison {unknown}
 k - a scroll of enchant weapon {unknown}
 l - a scroll of amnesia {unknown}
 m - a scroll of noise {unknown}
 n - a scroll of torment {unknown}
 q - a scroll of immolation {unknown}
 s - a scroll of magic mapping {unknown}
Potions
 b - 5 potions of invisibility
 c - 3 potions of might {unknown}
 d - a potion of flight {unknown}
 h - a potion of lignification {unknown}
 i - 3 potions of heal wounds {unknown}
 o - a potion of haste {unknown}
 p - a potion of ambrosia {unknown}
 r - a potion of degeneration {unknown}


   Skills:
 + Level 2.7 Short Blades
 + Level 3.3 Dodging
 + Level 5.7 Stealth
 + Level 3.1 Spellcasting
 + Level 4.0 Hexes


You had 3 spell levels left.
You knew the following spells:

 Your Spells              Type           Power      Damage    Failure   Level
a - Ensorcelled Hibernat  Hex/Ice        20%        N/A       10%         2
b - Confusing Touch       Hex            18%        N/A       9%          3
c - Tukima's Dance        Hex            18%        N/A       9%          3

Your spell library contained the following spells:

 Spells                   Type           Power      Damage    Failure   Level
 Magic Dart               Conj           8%         1d3       16%         1
 Dazzling Flash           Conj/Hex       20%        N/A       21%         3
 Portal Projectile        Hex/Tloc       20%        N/A       21%         3
 Call Imp                 Summ           2%         N/A       22%         2
 Cigotuvi's Dreadful Rot  Necr/Pois/Air  4%         N/A       22%         2
 Lesser Beckoning         Tloc           4%         N/A       22%         2
 Poisonous Vapours        Pois/Air       4%         N/A       22%         2
 Searing Ray              Conj           4%         2d4       22%         2
 Gell's Gravitas          Tloc           2%         N/A       41%         3
 Mephitic Cloud           Conj/Pois/Air  2%         N/A       41%         3
 Teleport Other           Tloc           2%         N/A       41%         3
 Fulminant Prism          Conj/Hex       5%         3d7       54%         4
 Blade Hands              Tmut           1%         N/A       99%         5


Dungeon Overview and Level Annotations

Branches:
Dungeon (4/15)
 Temple: D:4-7

Altars:

Shops:
D:3 (

Annotations:
D:2 exclusion: downstairs


Innate Abilities, Weirdness & Mutations

You cannot wear most types of armour.
You are amphibious.
You can wear up to eight rings at the same time.
Your skin changes colour to match your surroundings (Stealth+).
Your rubbery body absorbs attacks. (AC +1, EV +1)
((You are camouflaged when in or above water. (Stealth+)))
You have tentacles for arms and can constrict up to eight enemies at once.


Message History

A dart slug comes into view.
Unknown command.
The helpless dart slug fails to defend itself.
You impale the dart slug!!
You kill the dart slug!
No target in view!
You see here a dart slug corpse.
There is a stone staircase leading down here.
You open the door.
There is an open door here.
There is an open door here.
You enter the deep water.
You open the door.
A gnoll comes into view. It is wielding a +0 whip.
There is an open door here.
A gnoll is nearby!
A gnoll is nearby!
The helpless gnoll fails to defend itself.
You impale the gnoll!!
You kill the gnoll!
No target in view! 2 gnolls come into view.
You see here a +0 whip.
The gnoll shouts! x2
The gnoll hits you with a +0 spear.
You hit the gnoll. Your grab misses the gnoll.
The gnoll is moderately wounded.
The gnoll hits you with a +0 club. The gnoll hits you with a +0 spear.
You closely miss the gnoll. You grab the gnoll.
The gnoll is moderately wounded.
You constrict the gnoll, but do no damage.
The gnoll hits you with a +0 club. The gnoll closely misses you.
Unknown command.
You release your grip on the gnoll.
The gnoll attacks as you move away! The gnoll hits you with a +0 club!
* * * LOW HITPOINT WARNING * * *
The gnoll attacks as you move away! The gnoll hits you with a +0 spear.
* * * LOW HITPOINT WARNING * * *
The gnoll hits you from afar with a +0 spear!
You die...

#...♣♣♣.....
#..♣# #♣.... #..♣
♣.... ##.♣#
#♣....
#..♣♣♣.....
#..........
##......... #####
######....
#.g@### ##...
#.g##..### ##..
#.#
###..############
#.
###..#.......#. .
##.'..≈≈≈..'. .#
#..#.......#. .#
#..############
#. #..## .#


You could see 2 gnolls.

Vanquished Creatures
  An ogre (D:4)
  A scorpion (D:4)
  A hound (D:3)
  A gnoll (D:4)
  2 adders
  3 worms (D:3)
  4 dart slugs
  2 orcs (D:3)
  6 ball pythons
  8 endoplasms
  4 giant cockroaches (D:1)
  7 hobgoblins
  3 jackals
  8 bats
  3 frilled lizards (D:1)
  13 goblins
  4 kobolds
  5 rats
76 creatures vanquished.

Notes
Turn   | Place    | Note
-------+----------+-------------------------------------------
     0 | D:1      | 112233 the Octopode Enchanter began the quest for the Orb.
     0 | D:1      | Reached XP level 1. HP: 11/11 MP: 3/3
   204 | D:1      | Reached XP level 2. HP: 17/17 MP: 5/5
   358 | D:1      | Reached XP level 3. HP: 20/21 MP: 6/6
   840 | D:2      | Got the Discourse on the Sky
   963 | D:3      | Learned a level 2 spell: Ensorcelled Hibernation
  1265 | D:3      | Found Dedy's Weapon Shoppe.
  1280 | D:3      | Reached XP level 4. HP: 18/27 MP: 7/7
  1514 | D:3      | Reached skill level 5 in Stealth
  1539 | D:3      | Reached XP level 5. HP: 25/31 MP: 8/8
  1932 | D:4      | Noticed an ogre
  2170 | D:4      | Learned a level 3 spell: Confusing Touch
  2174 | D:4      | Learned a level 3 spell: Tukima's Dance
  2311 | D:4      | Noticed an ogre
  2321 | D:4      | Killed an ogre
  2322 | D:4      | Reached XP level 6. HP: 36/36 MP: 2/10
  2614 | D:4      | Slain by a gnoll

Illustrated notes

Levels and vault maps discovered:
D:1:      lightli_arrival_statuegarden, layout_basic
D:2:      layout_rooms
D:3:      minmay_chambers_of_twos, layout_rooms, serial_glass, glass_columns_b,
          glass_columns_b, serial_shops, nicolae_shop_bloodbath_and_beyond
D:4:      cheibrodos_quashed, layout_cave_pods, minmay_stone_trees_small,
          grunt_decor_clamped

Skill      XL: |  1  2  3  4  5  6 |
---------------+-------------------+-----
Short Blades   | 2 |  2.7
Stealth        | 5 |  5.7
Dodging        | 3 |  3.3
Spellcasting   | 3 |  3.1
Hexes          | 4 |  4.0

Action                     |  1- 3 |  4- 6 || total
---------------------------+-------+-------++-------
  Melee: Dagger            |    81 |    78 ||   159
         Constrict         |    13 |    18 ||    31
         Tentacles         |    13 |    20 ||    33
   Cast: Ensorcelled Hiber |       |     5 ||     5
   Stab: Sleeping          |    20 |     9 ||    29
 Armour: Skin              |     8 |     5 ||    13
  Dodge: Dodged            |    44 |    44 ||    88

Table legend: (Time is in decaauts)
 A = Elapsed time spent in this place.
 B = Non-inter-level travel time spent in this place.
 C = Inter-level travel time spent in this place.
 D = Time resting spent in this place.
 E = Time spent auto-exploring this place.
 F = Levels seen in this place.
 G = Mean time per level.
                   A        B        C        D        E       F      G
               +--------+--------+--------+--------+--------+-----+--------+
         Total |   2600 |   2521 |     79 |    162 |   1857 |   4 |  650.0 |
       Dungeon |   2600 |   2521 |     79 |    162 |   1857 |   4 |  650.0 |
               +--------+--------+--------+--------+--------+-----+--------+

Top non-repeatable levels by time:
     D:3: 947 daAuts
     D:4: 712 daAuts
     D:1: 527 daAuts
     D:2: 413 daAuts
